AoeStats
← 洪武大帝朱元璋

African Clearing

510730239Analyzed
2v2 RM · 1d ago on Oct 2, 2026· 35m 54s· 4 players
Game mode
Random Map
Map size
Medium (4 player)
Population
200
Speed
Normal
Resources
Standard
Victory
Conquest
Starting age
Dark Age
Ending age
Imperial Age
RankedLock teamsTeams togetherTeam positionsShared explorationLock speedFull tech treeHidden civsTurbo modeCheats
Victory
Defeat
🇰🇷 Franks · South Korea
1056
+30
🇦🇺 Mongols · Australia
1053
+11
973
-12
🇨🇳 Franks · China
910
-10
洪武大帝朱元璋
18:09 Feudal Age
18:11 Man-at-Arms
21:10 Forging
22:17 Scale Mail Armor
29:51 Wheelbarrow
31:18 Castle Age
29:10 Loom
30:53 Scale Barding Armor
32:10 Squires
31:32 Pikeman
32:48 Chain Mail Armor
33:43 Husbandry
34:52 Wheelbarrow
35:56 Hand Cart
35:38 Gambesons
天策上将李世民
13:14 Feudal Age
14:07 Loom
16:18 Man-at-Arms
27:39 Castle Age
30:47 Arson
36:09 Forging
35:59 Scale Mail Armor
35:56 Gambesons
Raznaz
9:39 Loom
14:32 Feudal Age
15:47 Horse Collar
15:53 Double-Bit Axe
23:02 Forging
23:28 Scale Barding Armor
23:40 Bloodlines
28:29 Castle Age
30:40 Iron Casting
30:38 Elite Skirmisher
Scarecrow
10:04 Loom
13:28 Feudal Age
14:22 Man-at-Arms
19:57 Scale Mail Armor
20:28 Double-Bit Axe
29:14 Castle Age
29:49 Gold Mining
29:49 Stone Mining
30:38 Wheelbarrow
29:53 Town Watch
30:49 Bow Saw
30:45 Pikeman
30:57 Long Swordsman
31:11 Elite Skirmisher
32:37 Squires
33:04 Chain Mail Armor
Connection lost

Rejoining the realm…

Still unreachable

The connection could not be restored.

Session expired

The server has moved on; the page needs a fresh start.